 Dungeon Crawl Stone Soup version 0.14.0-18-g0341e45 (webtiles) character file.

1010 Qrupt the Magician (level 7, -3/46 HPs)
             Began as a Mummy Fire Elementalist on Apr 20, 2014.
             Killed from afar by an orc wizard (6 damage)
             ... with a magic dart
             ... on Level 5 of the Dungeon.
             The game lasted 00:20:55 (6866 turns).

Qrupt the Magician (Mummy Fire Elementalist)        Turns: 6866, Time: 00:20:55

HP  -3/46        AC  2     Str 11      XL: 7   Next: 60%
MP   7/18        EV 12     Int 16      God:
Gold 206         SH  0     Dex 12      Spells:  3 memorised,  7 levels left

rFire  x . .     SeeInvis .     l - +0 cutlass
rCold  + . .     Clarity  .     a - +0 robe
rNeg   + + +     Conserve .     (no shield)
rPois  +         rCorr    .     (no helmet)
rElec  .         rRot     +     (no cloak)
SustAb . .       Spirit   .     (no gloves)
rMut   .         Warding  .     (no boots)
Saprov . . .     Stasis   .     (no amulet)
MR     .....                    (no ring)
                                (no ring)

@: very slightly contaminated, not resistant to hostile enchantments, unstealthy
A: no food or potions, fire vulnerability, restore body, cold resistance 1, life
protection 3, poison resistance, torment resistance, unbreathing
a: no special abilities


You were on level 5 of the Dungeon.
You were not hungry.

You visited 1 branch of the dungeon, and saw 5 of its levels.

You collected 206 gold pieces.

Inventory:

Hand weapons
 l - a +0,+0 cutlass (weapon)
Armour
 a - a +0 robe (worn)
 k - a +0 ring mail of positive energy
Scrolls
 d - 2 scrolls of enchant weapon II {unknown}
 e - 8 scrolls of remove curse {unknown}
 f - 8 scrolls of identify {unknown}
 h - 2 scrolls of teleportation {unknown}
 i - a scroll of noise {unknown}
 j - 2 scrolls of random uselessness {unknown}
 n - a scroll of blinking {unknown}
 o - a scroll of amnesia {unknown}
 p - a scroll of enchant weapon I {unknown}
 q - a scroll of fog {unknown}
Jewellery
 c - a cursed ring of teleportation {unknown}
 g - a +3 ring of strength {unknown}
 r - an uncursed amulet of guardian spirit {unknown}
Books
 b - a book of Flames

   Spells                             Type                      Level
   *Flame Tongue                      Conjuration/Fire             1
   Throw Flame                        Conjuration/Fire             2
   *Conjure Flame                     Conjuration/Fire             3
   Inner Flame                        Hexes/Fire                   3
   *Sticky Flame                      Conjuration/Fire             4
   Fireball                           Conjuration/Fire             5
 m - a book of Beasts

   Spells                             Type                      Level
   Summon Butterflies                 Summoning                    1
   Call Canine Familiar               Summoning                    3
   Summon Ice Beast                   Ice/Summoning                4
   Summon Mana Viper                  Hexes/Summoning              5
   Monstrous Menagerie                Summoning                    6
   Summon Hydra                       Summoning                    7


   Skills:
 - Level 1.5 Dodging
 - Level 1.5 Stealth
 + Level 4.7 Spellcasting
 + Level 4.2 Conjurations
 + Level 4.7 Fire Magic


You had 7 spell levels left.
You knew the following spells:

 Your Spells              Type           Power        Failure   Level  Hunger
a - Flame Tongue          Conj/Fire      ###..        2%          1    N/A
b - Conjure Flame         Conj/Fire      ###.....     10%         3    N/A
c - Sticky Flame          Conj/Fire      ###.....     28%         4    N/A

Dungeon Overview and Level Annotations

Branches:
Dungeon (5/15)
 Temple: D:4-7

Altars:
Dithmenos
Fedhas

Shops:
D:4 !


Innate Abilities, Weirdness & Mutations

You do not eat or drink.
Your flesh is vulnerable to fire.
Your flesh is cold resistant.
You are immune to negative energy.
Your system is resistant to poisons.
You are immune to unholy pain and torment.
You can survive without breathing.


Message History

Press: ? - help, Shift-Dir - straight line, f/p - orc wizard
Aim: an orc wizard, wielding a flail and wearing a robe (moving very quickly)
The sticky flame hits the orc wizard.
The orc wizard is lightly wounded.
The orc wizard is covered in liquid flames!
You feel yourself speed up.
The orc wizard burns!
The orc wizard points at you and mumbles some strange words.
The magic dart hits you! The orc wizard hits you with a flail.
You barely miss the orc wizard.
The orc wizard is moderately wounded.
The orc wizard burns! x2
The orc wizard hits you with a flail!
* * * LOW HITPOINT WARNING * * *
The orc wizard hits you with a flail!
* * * LOW HITPOINT WARNING * * *
The orc wizard burns!
The orc wizard stops burning.
The orc wizard points at you and mumbles some strange words.
The magic dart hits you!
You die...

#........%.. # #............ #
#.# #............ # #.#
#............ # #.# ###
#............ # #.# #.##
#............ # #.# #..#
#...o........ # #.# #..#
#..%......... # #.# #.@#
#..).....ยง... # #.#
#..####............
##########.####..o..o...........
...............................
##############################


You could see an orc wizard.

Vanquished Creatures
  An ogre (D:4)
  A sky beast (D:4)
  A cyclops skeleton (D:5)
  A scorpion (D:4)
  3 orc priests
  3 orc wizards
  6 worker ants (D:4)
  Ijyb (D:2)
  5 adders
  A gnoll zombie (D:5)
  2 orc skeletons (D:4)
  A giant mite (D:5)
  2 worms
  A giant eyeball (D:5)
  8 giant geckos
  20 orcs
  4 giant cockroaches
  12 goblins
  11 hobgoblins
  3 jackals (D:1)
  2 oozes
  A ball python (D:2)
  12 bats
  4 giant newts
  8 kobolds
  3 quokkas
  4 rats
121 creatures vanquished.

Vanquished Creatures (others)
  A goblin (D:1)
1 creature vanquished.

Grand Total: 122 creatures vanquished

Notes
Turn   | Place    | Note
--------------------------------------------------------------
     0 | D:1      | Qrupt, the Mummy Fire Elementalist, began the quest for the Orb.
     0 | D:1      | Reached XP level 1. HP: 13/13 MP: 3/3
    45 | D:1      | Reached skill level 1 in Conjurations
   402 | D:1      | Reached XP level 2. HP: 11/19 MP: 0/4
  1244 | D:2      | Reached XP level 3. HP: 5/24 MP: 0/6
  1834 | D:2      | Noticed Ijyb
  1946 | D:2      | Killed Ijyb
  2141 | D:2      | Reached skill level 3 in Fire Magic
  2241 | D:2      | Found a shadowy altar of Dithmenos.
  2353 | D:2      | Reached XP level 4. HP: 22/30 MP: 0/8
  2955 | D:2      | Learned a level 3 spell: Conjure Flame
  2960 | D:2      | Learned a level 4 spell: Sticky Flame
  3345 | D:3      | Reached XP level 5. HP: 33/35 MP: 9/11
  3561 | D:3      | Found a blossoming altar of Fedhas.
  4062 | D:4      | Noticed an ogre
  4076 | D:4      | Killed an ogre
  4076 | D:4      | Reached XP level 6. HP: 41/41 MP: 0/13
  4511 | D:4      | Reached skill level 4 in Fire Magic
  5239 | D:4      | Found Mimoupna's Distillery.
  5672 | D:4      | Reached XP level 7. HP: 29/46 MP: 6/17
  6078 | D:5      | Entered Level 5 of the Dungeon
  6151 | D:5      | Paralysed by a giant eyeball for 4 turns
  6865 | D:5      | HP: 2/46 [orc wizard/flail (9)]
  6866 | D:5      | Killed from afar by an orc wizard

Action                   |  1- 3 |  4- 6 |  7- 9 || total
-------------------------+-------+-------+-------++-------
Melee: Unarmed           |    17 |       |       ||    17
       Cutlass           |       |    46 |     1 ||    47
       Short sword       |       |     1 |       ||     1
 Cast: Flame Tongue      |   100 |   142 |    39 ||   281
       Conjure Flame     |       |     6 |     4 ||    10
       Sticky Flame      |       |     6 |     7 ||    13
 Stab: Sleeping          |       |     1 |       ||     1
